 Dungeon Crawl Stone Soup version 0.31-a0-214-gb37851dbb3 (webtiles) character file.

Game seed: 3245427850087068156

75251 benadryl the Severer (level 15, -2/141 HPs)
             Began as a Minotaur Berserker on July 1, 2023.
             Was a Priest of Trog.
             Killed by divine providence
             ... invoked by a meliai
              (15 damage)
             ... on level 14 of the Dungeon.
             The game lasted 00:28:25 (28854 turns).

benadryl the Severer (Minotaur Berserker)          Turns: 28854, Time: 00:28:26

Health: -2/141     AC: 13    Str: 28    XL:     15   Next: 9%
Magic:  14/14      EV: 14    Int:  4    God:    Trog [***...]
Gold:   905        SH:  0    Dex: 11    Spells: 14/14 levels left

rFire   + . .        a - +6 battleaxe (elec)
rCold   + + +        (shield currently unavailable)
rNeg    . . .        H - +1 chain mail {rC+}
rPois   .            (helmet restricted)
rElec   .            n - scarf {rC+ rF+}
rCorr   .            i - +1 pair of gloves
SInv    .            (no boots)
Will    +....        S - amulet of faith Stlth
                     g - ring of flight
HPRegen 0.43/turn    T - ring of protection from cold
MPRegen 0.14/turn

%: faith
@: flying, hasted, very quick
A: horns 2, retaliatory headbutt
a: Renounce Religion, Berserk, Trog's Hand


You were on level 14 of the Dungeon.
You worshipped Trog.
Trog was most pleased with you.
You visited 3 branches of the dungeon, and saw 21 of its levels.
You also visited: Bailey.

You collected 1509 gold pieces.
You spent 604 gold pieces at shops.

Inventory:

Hand Weapons
 a - a +6 battleaxe of electrocution (weapon)
 b - a +2 battleaxe of flaming
 r - the +4 war axe "Goumoawe" {speed, rC+ rCorr}
   (You found it on level 5 of the Dungeon)

   rC:        It protects you from cold.
   rCorr:     It protects you from acid and corrosion.
 w - a +2 broad axe
Missiles
 c - 2 throwing nets
 B - 4 curare-tipped darts
 I - 4 javelins (quivered)
Armour
 i - a +1 pair of gloves (worn)
 m - an orb of light
 n - a scarf of resistance (worn)
 H - a +1 chain mail of cold resistance (worn)
Jewellery
 g - a ring of flight (left hand)
 x - a ring of fire
 L - a +6 ring of intelligence
 S - an amulet of faith (around neck)
 T - a ring of protection from cold (right hand)
Wands
 f - a wand of mindburst (23)
 o - a wand of paralysis (10)
 y - a wand of flame (26)
 D - a wand of polymorph (19)
 O - a wand of acid (18)
 Q - a wand of digging (4)
Scrolls
 j - 7 scrolls of identify {@r1}
 l - a scroll of immolation
 s - 2 scrolls of fear
 t - 2 scrolls of fog
 u - 7 scrolls of enchant armour
 v - a scroll of noise
 F - 11 scrolls of teleportation
 P - 3 scrolls of revelation
Potions
 d - 3 potions of attraction
 e - 3 potions of mutation
 p - 3 potions of lignification
 q - a potion of cancellation
 z - a potion of ambrosia
 A - a potion of might
 C - a potion of haste
 E - a potion of resistance
 J - 4 potions of enlightenment
Miscellaneous
 K - a piece from Xom's chessboard (15/15)
 R - a phial of floods


   Skills:
 - Level 15.4 Fighting
 - Level 18.7(19.0) Axes
 - Level 5.5(13.4) Polearms
 - Level 8.2 Throwing
 * Level 6.5 Armour
 - Level 15.0 Dodging
 - Level 5.6 Evocations


You had 14 spell levels left.
You didn't know any spells.
Your spell library was empty.

Dungeon Overview and Level Annotations

Branches:
Dungeon (14/15)            Temple (0/1) D:5            Lair (5/5) D:11
  Swamp (0/4) Lair:2       Spider (0/4) Lair:2        Slime (0/5) Lair:5
    Orc (2/2) D:9             Elf (0/3) Orc:2        Bailey (visited)
 Vaults: D:13-14

Altars:
Cheibriados
Dithmenos
Fedhas
Gozag
Ru
Trog
Vehumet
Yredelemnul
Zin
The Shining One

Shops:
D:2 (   D:8 [**   D:11 *   Orc:1 [   Orc:2 (*[!

Annotations:
D:6 3 runed translucent doors, innerfire43's ghost, amateur DsMo
D:9 3 runed translucent doors, ForestMusic's ghost, novice MiBe
Lair:2 exclusion: electric eel


Innate Abilities, Weirdness & Mutations

You have a pair of horns on your head.
You reflexively headbutt those who attack you in melee.


Message History

The meliai stings you.
The meliai hits your ogre with a +0 hand axe!
The meliai stings your ogre. The meliai attacks as you move away!
The meliai misses you.
The meliai hits your ogre with a +0 hand axe!
Your ogre dies!
Your ogre's corpse disappears in a puff of smoke!
The meliai barely misses you.
You feel sick.
A boulder beetle comes into view.
The meliai hits you with a +0 hand axe. The meliai barely misses you.
The meliai mumbles some strange prayers to its god against you.
Something smites you!
* * * LOW HITPOINT WARNING * * *
As you read the scroll of fear, it crumbles to dust.
You assume a fearsome visage.
The death knight looks frightened!
The skeletal warrior is unaffected.
The meliai looks frightened! x2
The boulder beetle looks frightened!
You feel sick.
The boulder beetle leaps!
You feel sick.
You feel sick.
The meliai calls down the wrath of its god upon you.
Something smites you!
* * * LOW HITPOINT WARNING * * *
You feel sick.
You feel sick.
You feel sick.
You are no longer poisoned.
The meliai mumbles some strange prayers to its god against you.
Something smites you!
* * * LOW HITPOINT WARNING * * *
You feel better.
The meliai seems to regain its courage.
You feel yourself speed up.
The meliai mumbles some strange prayers to its god against you.
Something smites you!
* * * LOW HITPOINT WARNING * * *
The skeletal warrior barely misses you. You furiously retaliate!
You headbutt the skeletal warrior. The meliai closely misses you.
You furiously retaliate!
You headbutt the meliai! The meliai barely misses you.
The meliai invokes the aid of its god against you.
Something smites you!
You die...

..p...)y........#
..#y##...##..#.#
................#
##...#######....# #..
#....# ... #y##.# ..
#zy..# . #....# #.#
#@##.# #
#.####+##....# ..
#............#
..######.....#..###.#
....................#
.........#####......#
.........# #.#..#.#
.........# #......#
.......#.# ##'#...#


You could see a skeletal warrior and 2 meliai.

Vanquished Creatures
  An entropy weaver (shapeshifter) (D:13)
  3 catoblepae (Lair:5)
  5 hydras
  An ogre mage (Orc:2)
  2 vault guards (Bailey)
  4 centaur warriors
  9 two-headed ogres
  3 boulder beetles
  A tengu warrior (D:13)
  4 death yaks (Lair:5)
  3 orc high priests (Orc:2)
  2 skysharks (Lair:3)
  A pharaoh ant (Lair:2)
  A bog body (Lair:2)
  A wolf spider (D:14)
  5 orc knights
  2 deep elf pyromancers
  3 ugly things
  4 orc sorcerers
  5 manticores
  3 cyclopes
  11 elephants
  A torpor snail (Lair:5)
  4 black mambas
  Maggie (D:6)
  2 unseen horrors
  11 cane toads
  A rime drake (Lair:2)
  A kobold demonologist (D:12)
  A yaktaur (D:14)
  9 komodo dragons
  A tengu conjurer (D:13)
  5 trolls
  A meliai (D:14)
  Grinder (D:5)
  13 blink frogs
  Prince Ribbit (D:7)
  A jumping spider (Lair:2)
  Sigmund (D:6)
  2 wyverns
  4 slime creatures
  2 wraiths
  A vampire (D:11)
  3 humans (Bailey)
  38 yaks
  2 redbacks (Lair:2)
  5 basilisks
  A steam dragon (Lair:4)
  4 wargs
  An acid dragon (Lair:4)
  14 water moccasins
  A meliai simulacrum (D:14)
  2 swamp drakes (Lair:4)
  2 ice beasts
  21 orc warriors
  2 sky beasts
  A black bear (D:4)
  12 ogres
  12 wolves
  19 centaurs
  2 phantoms
  3 kobold brigands
  21 bullfrogs
  2 gnoll sergeants
  2 scorpions
  13 wights
  9 killer bees
  3 howler monkeys
  A vampire bat (D:9)
  5 hounds
  5 jellies
  18 orc priests
  2 gnoll boudas
  An iguana (D:5)
  2 sleepcaps
  18 orc wizards
  4 adders
  23 gnolls
  5 ufetubi
  A worm (D:4)
  3 dart slugs
  57 orcs
  11 bats
  5 endoplasms
  5 giant cockroaches
  13 hobgoblins
  3 jackals (D:1)
  5 quokkas
  5 ball pythons
  9 goblins
  19 kobolds
  8 rats
561 creatures vanquished.

Vanquished Creatures (collateral kills)
  A hydra (Lair:5)
  2 two-headed ogres (Orc:2)
  2 death yaks (Lair:5)
  A polar bear (Lair:5)
  5 yaks (Lair:5)
  3 orc warriors (Orc:2)
  4 centaurs (D:13)
  An orc (Orc:2)
19 creatures vanquished.

Grand Total: 580 creatures vanquished

Notes
Turn   | Place    | Note
-------+----------+-------------------------------------------
     0 | D:1      | benadryl the Minotaur Berserker began the quest for the
                  | Orb.
     0 | D:1      | Reached XP level 1. HP: 19/19 MP: 0/0
   106 | D:1      | Found a faded altar of an unknown god.
   158 | D:1      | Reached skill level 4 in Axes
   205 | D:1      | Reached XP level 2. HP: 16/27 MP: 1/1
   736 | D:1      | Reached XP level 3. HP: 33/33 MP: 2/2
  1345 | D:2      | Found Hazxaner's Weapon Shop.
  1443 | D:2      | Reached ** piety under Trog
  1444 | D:2      | Reached skill level 5 in Axes
  1762 | D:3      | Reached XP level 4. HP: 38/41 MP: 3/3
  2039 | D:3      | Found a snail-covered altar of Cheibriados.
  2039 | D:3      | Found an opulent altar of Gozag.
  2051 | D:3      | Found a faded altar of an unknown god.
  2053 | D:3      | Found a glowing golden altar of the Shining One.
  2055 | D:3      | Found a blossoming altar of Fedhas.
  2278 | D:4      | Reached skill level 5 in Fighting
  2278 | D:4      | Reached skill level 1 in Polearms
  2278 | D:4      | Reached XP level 5. HP: 48/48 MP: 4/4
  2356 | D:4      | Noticed an ogre
  2367 | D:4      | Killed an ogre
  2685 | D:4      | Noticed a phantom
  2698 | D:4      | Killed a phantom
  2699 | D:4      | Reached XP level 6. HP: 29/57 MP: 5/5
  3110 | D:4      | Reached skill level 5 in Polearms
  3140 | D:4      | Reached XP level 7. HP: 45/64 MP: 6/6
  3467 | D:5      | Entered Level 5 of the Dungeon
  3470 | D:5      | Reached *** piety under Trog
  3476 | D:5      | Reached skill level 6 in Axes
  3516 | D:5      | Noticed Grinder
  3523 | D:5      | Paralysed by Grinder for 4 turns
  3528 | D:5      | Killed Grinder
  3614 | D:5      | Reached skill level 7 in Axes
  3710 | D:5      | Identified the +4 war axe "Goumoawe" {speed, rC+ rCorr}
  3932 | D:5      | Reached skill level 8 in Axes
  3932 | D:5      | Reached XP level 8. HP: 67/73 MP: 7/7
  4025 | D:5      | Found a staircase to the Ecumenical Temple.
  4330 | D:6      | Noticed Sigmund
  4334 | D:6      | Killed Sigmund
  4337 | D:6      | Reached skill level 9 in Axes
  4361 | D:6      | Noticed Maggie
  4372 | D:6      | Killed Maggie
  4373 | D:6      | Reached skill level 10 in Axes
  4589 | D:6      | Reached XP level 9. HP: 70/83 MP: 8/8
  4725 | D:6      | Found a runed translucent gate.
  4725 | D:6      | Found a runed translucent gate.
  4725 | D:6      | Found a runed translucent gate.
  4726 | D:6      | Noticed innerfire43's ghost (amateur DsMo)
  5032 | D:7      | Reached **** piety under Trog
  5096 | D:7      | Reached skill level 11 in Axes
  5276 | D:7      | Found a bloodstained altar of Trog.
  5287 | D:7      | Noticed Prince Ribbit
  5295 | D:7      | Killed Prince Ribbit
  6140 | D:8      | Found Zin's Purification Station.
  6140 | D:8      | Found a sacrificial altar of Ru.
  6140 | D:8      | Found a glowing silver altar of Zin.
  6162 | D:8      | Found a flagged portal.
  6170 | Bailey   | Entered a bailey
  6191 | Bailey   | Reached skill level 10 in Fighting
  6191 | Bailey   | Reached skill level 12 in Axes
  6494 | Bailey   | Reached skill level 13 in Axes
  6497 | Bailey   | Reached XP level 10. HP: 76/94 MP: 9/9
  6651 | Bailey   | Noticed a cane toad
  6651 | Bailey   | Noticed a vault guard
  6656 | Bailey   | Killed a cane toad
  6657 | Bailey   | Killed a vault guard
  6695 | Bailey   | Noticed a vault guard
  6701 | Bailey   | Killed a vault guard
  6702 | Bailey   | Reached skill level 14 in Axes
  6992 | D:8      | Found a shadowy altar of Dithmenos.
  7231 | D:8      | Reached ***** piety under Trog
  7322 | D:8      | Found Wepyheku's Overcharged Wands.
  7393 | D:8      | Reached skill level 15 in Axes
  7591 | D:8      | Found Emiv's Armour Shop.
  7913 | D:9      | Noticed ForestMusic's ghost (novice MiBe)
  7971 | D:9      | Found a runed translucent gate.
  7971 | D:9      | Found a runed translucent gate.
  7971 | D:9      | Found a runed translucent gate.
  8229 | D:9      | Found a basalt altar of Yredelemnul.
  8370 | D:9      | Found a staircase to the Orcish Mines.
  8400 | D:9      | Received a gift from Trog
  8453 | D:9      | Reached XP level 11. HP: 104/105 MP: 10/10
  8845 | D:10     | Entered Level 10 of the Dungeon
  8879 | D:10     | Reached skill level 1 in Throwing
  9050 | D:10     | Noticed a two-headed ogre
  9055 | D:10     | Killed a two-headed ogre
  9245 | D:10     | Reached skill level 5 in Throwing
  9362 | D:10     | Noticed a two-headed ogre
  9376 | D:10     | Killed a two-headed ogre
  9696 | D:10     | Found a radiant altar of Vehumet.
 10618 | D:11     | Found a staircase to the Lair.
 11347 | D:11     | Noticed a brown ugly thing
 11361 | D:11     | Killed a brown ugly thing
 11618 | D:11     | Reached skill level 5 in Dodging
 11618 | D:11     | Reached XP level 12. HP: 111/115 MP: 11/11
 11947 | D:11     | Found Gipsekku's Assorted Antiques.
 11950 | D:11     | Bought a lumpy fluorescent amulet for 125 gold pieces
 12374 | D:12     | Noticed a boulder beetle
 12385 | D:12     | Killed a boulder beetle
 12596 | D:12     | Noticed a two-headed ogre
 12610 | D:12     | Killed a two-headed ogre
 13167 | D:12     | Noticed a two-headed ogre
 13175 | D:12     | Killed a two-headed ogre
 13575 | D:13     | Noticed a tengu warrior
 13750 | Lair:1   | Entered Level 1 of the Lair of Beasts
 13766 | Lair:1   | Reached skill level 10 in Dodging
 14104 | Lair:1   | Reached skill level 16 in Axes
 15208 | Lair:2   | Found a staircase to the Swamp.
 15472 | Lair:2   | Received a gift from Trog
 15473 | Lair:2   | Reached XP level 13. HP: 76/122 MP: 12/12
 15501 | Lair:2   | Found a hole to the Spider Nest.
 18131 | Lair:4   | Reached skill level 17 in Axes
 19508 | Lair:5   | Entered Level 5 of the Lair of Beasts
 19811 | Lair:5   | HP: 6/122 [poisoned by a black mamba]
 21215 | Lair:5   | Found a staircase to the Slime Pits.
 21232 | Lair:5   | Reached XP level 14. HP: 76/130 MP: 13/13
 21745 | Lair:5   | Reached skill level 15 in Dodging
 21762 | Lair:5   | Reached skill level 18 in Axes
 23196 | Orc:1    | Entered Level 1 of the Orcish Mines
 23298 | Orc:1    | Found Halaritu's Antique Armour Emporium.
 23307 | Orc:1    | Bought a glowing chain mail for 277 gold pieces
 23448 | Orc:2    | Entered Level 2 of the Orcish Mines
 23478 | Orc:2    | Reached skill level 15 in Fighting
 23698 | Orc:2    | Found a staircase to the Elven Halls.
 24669 | Orc:2    | Reached skill level 1 in Evocations
 24743 | Orc:2    | Received a gift from Trog
 25200 | Orc:2    | Found Nuopt's Distillery.
 25200 | Orc:2    | Found Zuib's Antique Armour Emporium.
 25202 | Orc:2    | Found Voferph's Antique Weapon Emporium.
 25202 | Orc:2    | Found Mifaykh's General Store.
 25218 | Orc:2    | Bought a pair of embroidered gloves for 202 gold pieces
 25514 | Orc:1    | Paralysed by an orc sorcerer for 3 turns
 26212 | D:13     | Reached skill level 5 in Evocations
 27720 | D:13     | Reached skill level 5 in Armour
 27824 | D:13     | Reached XP level 15. HP: 88/141 MP: 14/14
 28767 | D:14     | Identified the staff of the Ageless Planets {rElec rC+
                  | Str+2 Dex-5 Air}
 28854 | D:14     | Killed from afar by a meliai

Illustrated notes

Levels and vault maps discovered:
D:1:      nzn_arrival_settlement, layout_basic,
          ebering_ecumenical_altar_abandoned
D:2:      layout_loops_cross, serial_shops, nicolae_shop_tiny_real_fake_doors
D:3:      layout_rooms, chequers_temple_overflow_minitemple
D:4:      layout_basic, enter_ossuary_2
D:5:      layout_cave_pools, minmay_temple_entry_junction, minmay_door_square,
          uniq_grinder
D:6:      kennysheep_six_static_rooms, layout_rooms, ebering_ghost_rock_garden,
          dk_rats_in_the_wall, uniq_sigmund, uniq_maggie
D:7:      layout_basic, mainiacjoe_overflow_catwalk, uniq_prince_ribbit1
D:8:      layout_gridville, grunt_dithmenos_smoke, zin_purify,
          overflow_temple_1_default, enter_bailey_4, serial_shops,
          nicolae_diamond_shop, nicolae_shop_overcharged_wands
D:9:      layout_long_grid, yredelemnul_altar_generic, david_orc_1_choice,
          gammafunk_ghost_icy, roderic_batcave
D:10:     layout_loops_cross, nicolae_vehumet_altar_sigil, eino_jars
D:11:     layout_stronghold, erik_lair_orcish_takeover, serial_shops,
          kennysheep_mini
D:12:     layout_basic, kennysheep_small_circle
D:13:     layout_irregular_city
D:14:     minmay_cut_squares, layout_stronghold, david_vaults_1,
          wad_floor_pattern_1
Lair:1:   layout_gridlike
Lair:2:   layout_chaotic_city, skrybe_swamp_entry_bodies,
          nicolae_spider_entry_lesser_pyramids, nicolae_lair_liquid_snakes,
          lemuel_fruit_tree
Lair:3:   layout_loops_ring, grunt_megastairs_3
Lair:4:   layout_small_grid, guppyfry_lair_drakes, lemuel_fruit_fields
Lair:5:   evilmike_catoblepas_cave, layout_regular_city,
          minmay_slime_entry_pillars, minmay_hedge_maze, grunt_megastairs_4,
          serial_bayou_shore_b
Orc:1:    layout_caves, serial_shops, shop
Orc:2:    grunt_orc_tribal_feast, layout_caves, basic_altar

Skill      XL: |  1  2  3  4  5  6  7  8  9 10 11 12 13 14 15 |
---------------+----------------------------------------------+-----
Axes           | 4 5 8 10 13 15 16 17 18 | 18.7
Fighting       | 4 5 6 7 9 10 12 13 15 | 15.4
Polearms       | 1 4 5 |  5.5
Throwing       | 8 |  8.2
Dodging        | 5 11 14 15 | 15.0
Evocations     | 5 |  5.6
Armour         | 5 6 |  6.5

Action                     |  1- 3 |  4- 6 |  7- 9 | 10-12 | 13-15 || total
---------------------------+-------+-------+-------+-------+-------++-------
  Melee: Hand axe          |    78 |    24 |    33 |       |       ||   135
         Headbutt          |    13 |    15 |    39 |   114 |    89 ||   270
         Spear             |       |    46 |     6 |       |       ||    52
         War axe           |       |       |   125 |   346 |       ||   471
         Battleaxe         |       |       |       |    97 |   435 ||   532
  Throw: Javelin           |       |       |       |       |     8 ||     8
 Invoke: Berserk           |     1 |     1 |     1 |     6 |    13 ||    22
         Brothers in Arms  |       |       |       |       |    11 ||    11
         Trog's Hand       |       |       |       |       |     2 ||     2
  Evoke: Wand              |       |       |       |       |     5 ||     5
    Use: Scroll            |     6 |     3 |    14 |     9 |    15 ||    47
         Potion            |       |       |       |       |     8 ||     8
   Stab: Invisible         |       |       |       |       |     1 ||     1
 Armour: Animal skin       |     9 |       |       |       |       ||     9
         Chain mail        |    20 |    29 |    58 |    95 |   210 ||   412
  Dodge: Dodged            |    47 |    38 |    53 |   166 |   348 ||   652

Table legend: (Time is in decaauts)
 A = Elapsed time spent in this place.
 B = Non-inter-level travel time spent in this place.
 C = Inter-level travel time spent in this place.
 D = Time resting spent in this place.
 E = Time spent auto-exploring this place.
 F = Levels seen in this place.
 G = Mean time per level.
                   A        B        C        D        E       F      G
               +--------+--------+--------+--------+--------+-----+--------+
         Total |  28757 |  27433 |   1324 |   9597 |  14862 |  22 | 1307.1 |
       Dungeon |  16031 |  15166 |    865 |   4008 |   9588 |  14 | 1145.1 |
          Lair |   9334 |   8978 |    356 |   3877 |   4257 |   5 | 1866.8 |
  Orcish Mines |   2813 |   2712 |    101 |   1331 |   1008 |   2 | 1406.5 |
        Bailey |    578 |    578 |      0 |    380 |      9 |   1 |  578.0 |
               +--------+--------+--------+--------+--------+-----+--------+

Top non-repeatable levels by time:
  Lair:5: 2785 daAuts
  Lair:2: 2445 daAuts
    D:11: 2236 daAuts
  Lair:4: 2152 daAuts
    D:12: 2122 daAuts
   Orc:2: 2067 daAuts
    D:13: 1804 daAuts
    D:10: 1438 daAuts
     D:4: 1215 daAuts
  Lair:1: 1215 daAuts
     D:1: 1143 daAuts
     D:7: 1142 daAuts
     D:8: 1104 daAuts
     D:9: 1055 daAuts
     D:5: 790 daAuts
